[Event "*** Titled Tuesday Blitz"]
[Site "Chess.com"]
[Date "2018.12.04"]
[Round "1"]
[White "Firouzja2003"]
[Black "LawrenceTrent"]
[Result "1-0"]
[WhiteElo "3007"]
[BlackElo "2467"]
[TimeControl "180+2"]
[EndTime "13:02:03 PST"]
[Termination "Firouzja2003 won by resignation"]

1. e4 c5 2. Nf3 Nc6 3. d4 cxd4 4. Nxd4 Nf6 5. Nc3 d6 6. Bg5 Qb6 7. Nb3 e6 8. Be2 Be7 9. O-O a6 10. Qd2 O-O 11. Kh1 Qc7 12. a4 Ne5 13. f4 Nc4 14. Bxc4 Qxc4 15. e5 dxe5 16. fxe5 Nd5 17. Bxe7 Nxe7 18. a5 Nc6 19. Rf4 1-0

[Event "*** Titled Tuesday Blitz"]
[Site "Chess.com"]
[Date "2018.12.04"]
[Round "1"]
[White "Zarikovs1999"]
[Black "rasmussvane"]
[Result "0-1"]
[WhiteElo "2349"]
[BlackElo "2663"]
[TimeControl "180+2"]
[EndTime "13:02:55 PST"]
[Termination "rasmussvane won by resignation"]

1. e4 c6 2. d4 d5 3. Nc3 dxe4 4.
Nxe4 Nf6 5. Nxf6+ exf6 6. Nf3 Bd6 7. Be2 O-O 8. O-O Re8 9. c4 Nd7 10. h3 Nf8 11. Be3 Ng6 12. Qc2 Be6 13. Rad1 Qc8 14. Nd2 Bxh3 15. Ne4 Bxg2 16. Kxg2 Nh4+ 17. Kg1 Qh3 0-1

[Event "*** Titled Tuesday Blitz"]
[Site "Chess.com"]
[Date "2018.12.04"]
[Round "1"]
[White "MatyChess1"]
[Black "mjray79"]
[Result "1-0"]
[WhiteElo "2543"]
[BlackElo "2158"]
[TimeControl "180+2"]
[EndTime "13:03:16 PST"]
[Termination "MatyChess1 won by checkmate"]

1. e4 c5 2. Nf3 e6 3. g3 Nc6 4.
Bg2 g6 5. d4 cxd4 6. Nxd4 Bg7 7.
Nb5 Qa5+ 8. N1c3 Bxc3+ 9. Nxc3 Nf6 10. Bh6 b6 11. Bg7 Rg8 12. Bxf6 Ba6 13. Qd6 e5 14. O-O-O Nd4 15. Qe7# 1-0

[Event "*** Titled Tuesday Blitz"]
[Site "Chess.com"]
[Date "2018.12.04"]
[Round "1"]
[White "Bauxi435"]
[Black "BocharovD"]
[Result "0-1"]
[WhiteElo "2387"]
[BlackElo "2725"]
[TimeControl "180+2"]
[EndTime "13:04:09 PST"]
[Termination "BocharovD won by resignation"]

1. d4 g6 2. c4 Bg7 3. Nc3 c5 4. d5 Bxc3+ 5. bxc3 f5 6. h4 Nf6 7. Qa4 O-O 8. Bh6 Rf7 9. f3 d6 10. Nh3 e5 11. dxe6 Bxe6 12. Ng5 Re7 13. Rd1 Nc6 14. e3 Qd7 15. Kf2 Rd8 16. Be2 Ne5 17. Qb3 Nf7 18.
Nxe6 Qxe6 19. Bf4 Nh5 20. Rhe1 Qf6 21. g3 h6 22. Rh1 Rde8 23. Rd2 Qe6 24. Qd1 Nxf4 25.
exf4 Qe3+ 26. Kg2 Qxd2 27. Qxd2 Rxe2+ 28. Qxe2 Rxe2+ 29. Kh3 h5 0-1

[Event "*** Titled Tuesday Blitz"]
[Site "Chess.com"]
[Date "2018.12.04"]
[Round "1"]
[White "DeviatkinAndrey"]
[Black "Rashad_Zeynalli"]
[Result "1-0"]
[WhiteElo "2656"]
[BlackElo "2343"]
[TimeControl "180+2"]
[EndTime "13:04:13 PST"]
[Termination "DeviatkinAndrey won by resignation"]

1. d4 Nf6 2. Nf3 g6 3. Bg5 Bg7 4. e3 O-O 5. h3 d6 6. c3 c5 7. Nbd2 b6 8. Bd3 Bb7 9. Qe2 Nc6 10. O-O e5 11. dxc5 bxc5 12. Ne4 Qe7 13. Ba6 Bxa6 14.
Qxa6 Rac8 15. Rfd1 Rfd8 16. Bxf6 Bxf6 17. Rxd6 Rxd6 18.
Qxc8+ Qd8 19. Nxd6 1-0

[Event "*** Titled Tuesday Blitz"]
[Site "Chess.com"]
[Date "2018.12.04"]
[Round "1"]
[White "enriquetejedor"]
[Black "Makalexa"]
[Result "1-0"]
[WhiteElo "2528"]
[BlackElo "2138"]
[TimeControl "180+2"]
[EndTime "13:04:22 PST"]
[Termination "enriquetejedor won by checkmate"]

1. e3 g6 2. d4 Bg7 3. Nf3 d6 4. Be2 Nf6 5. O-O O-O 6. c4 Nbd7 7.
b3 e5 8. Bb2 e4 9. Nfd2 Re8 10.
Nc3 c6 11. Rc1 a6 12. Ba3 d5 13. cxd5 cxd5 14. Na4 b5 15. Nc5 Nxc5 16. Bxc5 h5 17.
Qc2 Ng4 18. Ba3 Qh4 19. h3 Nxe3 20. fxe3 Bxh3 21. Qc7 Bh6 22. Qxf7+ Kh8 23. Qf6+ Qxf6 24. Rxf6 Bxe3+ 25. Kh2 Bxd2 26. Rc2 Bg5 27. Rxg6 Bf4+ 28.
g3 Kh7 29. Rb6 Rg8 30. gxf4 Rg2+ 31. Kxh3 Rag8 32. Rc7+ Kh8 33. Rh6# 1-0

[Event "*** Titled Tuesday Blitz"]
[Site "Chess.com"]
[Date "2018.12.04"]
[Round "1"]
[White "VladimirBelous"]
[Black "Godzillator"]
[Result "1-0"]
[WhiteElo "2734"]
[BlackElo "2389"]
[TimeControl "180+2"]
[EndTime "13:04:32 PST"]
[Termination "VladimirBelous won by resignation"]

1. c4 c6 2. Nf3 d5 3. e3 Nf6 4. d4 Bf5 5. cxd5 cxd5 6. Nc3 a6 7.
Ne5 Nbd7 8. g4 Be6 9. h3 Nxe5 10. dxe5 Ne4 11. Nxe4 dxe4 12. Qxd8+ Rxd8 13. Bd2 h5 14. g5 g6 15. Bg2 Bf5 16. Bc3 Bg7 17. Ke2 O-O 18.
Rhd1 Rd3 19. Rxd3 exd3+ 20. Kd2 Rd8 21. Bxb7 Bxh3 22. Bxa6 Bf5 23. a4 h4 24. a5 h3 25.
Bb7 Bc8 26. a6 h2 27. Bxc8 Rxc8 28. a7 Ra8 29. Bd4 f6 30. exf6 exf6 31. gxf6 Bf8 32. Kxd3 Kf7 33. Rh1 Bd6 34. f4 g5 35. Rxh2 gxf4 36. exf4 Bxf4 37. Rh7+ Kg6 38. Rg7+ Kf5 39.
f7 Bd6 40. Rg8 1-0

[Event "*** Titled Tuesday Blitz"]
[Site "Chess.com"]
[Date "2018.12.04"]
[Round "1"]
[White "Jadeit90"]
[Black "731291"]
[Result "0-1"]
[WhiteElo "2262"]
[BlackElo "2601"]
[TimeControl "180+2"]
[EndTime "13:04:48 PST"]
[Termination "731291 won by resignation"]

1. g3 Nf6 2. Bg2 g6 3. e4 Bg7 4. e5 O-O 5. exf6 exf6 6. Nf3 d6 7. O-O Nc6 8. d4 Bg4 9. h3 Bd7 10. c4 f5 11. Nc3 h6 12. d5 Ne5 13. Nxe5 dxe5 14.
b3 g5 15. Bb2 f4 16. Ne4 f5 17. Nc5 Kh8 18. Ne6 Bxe6 19. dxe6 Qf6 20. Bxb7 Rad8 21. Qc2 Qxe6 22. Rad1 fxg3 23. Bg2 gxf2+ 24. Rxf2 Qe7 25.
Rfd2 Rxd2 26. Qxd2 e4 27. Bxg7+ Qxg7 28. Qd4 Rf7 29.
Qxg7+ Kxg7 30. Kf2 Kf6 31. Rd5 c6 32. Rc5 Rd7 33.
Rxc6+ Ke5 34. Rxh6 Rd2+ 35. Kg1 e3 36. Ra6 Rd1+ 37.
Kh2 e2 38. Rxa7 Rd6 0-1

[Event "*** Titled Tuesday Blitz"]
[Site "Chess.com"]
[Date "2018.12.04"]
[Round "1"]
[White "Fighterman91"]
[Black "2Tilted"]
[Result "1-0"]
[WhiteElo "2616"]
[BlackElo "2281"]
[TimeControl "180+2"]
[EndTime "13:04:53 PST"]
[Termination "Fighterman91 won by resignation"]

1. d4 d5 2. Bf4 Nf6 3. e3 Bf5 4. c4 e6 5. Nc3 c6 6. Qb3 Qc8 7. h3 Nbd7 8. Rc1 Nb6 9. Nf3 Nxc4 10. Bxc4 dxc4 11. Qxc4 Be7 12. O-O h6 13. b4 Ne4 14.
b5 cxb5 15. Qxb5+ Qd7 16. Qxd7+ Kxd7 17. Ne5+ Ke8 18. Nb5 f6 19. Nc7+ Kf8 20. Nxa8 fxe5 21. Rc8+ 1-0

[Event "*** Titled Tuesday Blitz"]
[Site "Chess.com"]
[Date "2018.12.04"]
[Round "1"]
[White "lolo9292"]
[Black "Jbd735"]
[Result "0-1"]
[WhiteElo "2119"]
[BlackElo "2507"]
[TimeControl "180+2"]
[EndTime "13:04:55 PST"]
[Termination "Jbd735 won by resignation"]

1. e4 e5 2. Nf3 Nc6 3. Bb5 a6 4. Ba4 Nf6 5. O-O Be7 6. Re1 b5 7. Bb3 d6 8. d3 Na5 9. Nc3 Nxb3 10. axb3 Bb7 11. d4 b4 12. Nd5 Nxd5 13. exd5 O-O 14. dxe5 dxe5 15. Nxe5 Bxd5 16. Nd3 a5 17. Be3 Bf6 18.
f3 Re8 19. Bf2 Bc6 20. Qd2 Bxb2 21. Rxe8+ Bxe8 22. Rd1 Bc3 23. Qe3 Qf6 24. Nc5 Bc6 25. Qd3 h6 26. Ne4 Bxe4 27. Qxe4 Rd8 28. Rxd8+ Qxd8 29.
Qd3 Qxd3 30. cxd3 a4 31. bxa4 b3 0-1

[Event "*** Titled Tuesday Blitz"]
[Site "Chess.com"]
[Date "2018.12.04"]
[Round "1"]
[White "BasilSmash"]
[Black "Koksik_13"]
[Result "0-1"]
[WhiteElo "2398"]
[BlackElo "2741"]
[TimeControl "180+2"]
[EndTime "13:05:09 PST"]
[Termination "Koksik_13 won by resignation"]

1. e4 e6 2. d4 d5 3. Bd3 Nc6 4. exd5 exd5 5. c3 Bd6 6. Qf3 Nge7 7. Ne2 Be6 8. Bf4 Ng6 9. Bg3 Nh4 10. Bxh4 Qxh4 11.
Nd2 O-O-O 12. h3 Kb8 13. O-O-O Rhe8 14. Rhe1 a6 15. Ng3 g6 16. Kb1 h5 17. Nb3 Qg5 18.
Nc5 Bxc5 19. dxc5 h4 20. Ne2 d4 21. cxd4 Nxd4 22. Nxd4 Rxd4 23. Be4 Rxe4 24. Rxe4 Bf5 25.
Re1 Rxe4 26. Rxe4 Qd2 27. a3 Qe1+ 0-1

[Event "*** Titled Tuesday Blitz"]
[Site "Chess.com"]
[Date "2018.12.04"]
[Round "1"]
[White "GMHess"]
[Black "HanSchut"]
[Result "1-0"]
[WhiteElo "2635"]
[BlackElo "2299"]
[TimeControl "180+2"]
[EndTime "13:05:12 PST"]
[Termination "GMHess won by resignation"]

1. b3 e5 2. Bb2 Nc6 3. e3 a6 4. Nf3 e4 5. Nd4 Nxd4 6. Bxd4 d5 7. Be2 f5 8. O-O Nf6 9. c4 c5 10. Bxf6 Qxf6 11. Nc3 d4 12. Nd5 Qd8 13. d3 Be6 14. dxe4 fxe4 15. exd4 Bxd5 16. cxd5 Qxd5 17. Bc4 Qxd4 18.
Qg4 e3 19. Qe6+ 1-0

[Event "*** Titled Tuesday Blitz"]
[Site "Chess.com"]
[Date "2018.12.04"]
[Round "1"]
[White "MateusViageiro"]
[Black "mazetofonias"]
[Result "0-1"]
[WhiteElo "2203"]
[BlackElo "2566"]
[TimeControl "180+2"]
[EndTime "13:05:18 PST"]
[Termination "mazetofonias won by resignation"]

1. d4 Nf6 2. c4 e6 3. Nc3 Bb4 4.
Qc2 O-O 5. Nf3 c5 6. e3 d5 7.
cxd5 exd5 8. a3 Bxc3+ 9. bxc3 cxd4 10. cxd4 Ne4 11. Bd3 f5 12. O-O Nc6 13. Bb2 Be6 14.
Rad1 Qe7 15. Ne5 Nxe5 16. dxe5 Rac8 17. Qa4 b6 18. Qd4 Rcd8 19. f3 Nc5 20. Bb1 Kh8 21. Qd2 Qg5 22. Qe2 Rc8 23. Rd4 Rfd8 24. Ba2 Rd7 25.
Rfd1 Rcd8 26. Bc1 Qe7 27. Bd2 a5 28. Rb1 Rb7 29. Qd3 Nxd3 30. Rxd3 d4 0-1

[Event "*** Titled Tuesday Blitz"]
[Site "Chess.com"]
[Date "2018.12.04"]
[Round "1"]
[White "LonesomeGeorge1"]
[Black "AryanTari"]
[Result "0-1"]
[WhiteElo "2409"]
[BlackElo "2793"]
[TimeControl "180+2"]
[EndTime "13:05:20 PST"]
[Termination "AryanTari won by resignation"]

1. d4 Nf6 2. Nf3 d5 3. Bf4 c5 4. e3 Nc6 5. Nbd2 g6 6. c3 Bg7 7. dxc5 O-O 8. Be2 Nh5 9. Bg5 h6 10. Bh4 g5 11. Nd4 Nf6 12. Bg3 Re8 13. O-O e5 14. Nxc6 bxc6 15. b4 Bf5 16. Nf3 Ne4 17. Qb3 g4 18. Nh4 Be6 19. Rad1 Bf6 20. f3 d4 21. c4 Nc3 22. Qxc3 dxc3 23. Rxd8 Raxd8 24. fxg4 Rd2 25. Bf3 c2 26. Bxc6 Rd1 27. Bxe8 Rxf1+ 28. Kxf1 c1=Q+ 0-1

[Event "*** Titled Tuesday Blitz"]
[Site "Chess.com"]
[Date "2018.12.04"]
[Round "1"]
[White "joppie2"]
[Black "jmduque"]
[Result "1-0"]
[WhiteElo "2725"]
[BlackElo "2387"]
[TimeControl "180+2"]
[EndTime "13:05:20 PST"]
[Termination "joppie2 won by resignation"]

1. e4 e5 2. Nf3 Nc6 3. Bc4 Nf6 4. d3 h6 5. Nc3 d6 6. a3 g6 7. h3 Bg7 8. O-O O-O 9. Ba2 Qe7 10. Be3 Be6 11.
Nd5 Bxd5 12. exd5 Nb8 13. Nd2 Nh5 14. Re1 Nd7 15. Qg4 Kh7 16. Qb4 b6 17. g4 Nhf6 18. f4 h5 19. g5 Ng8 20. Nf3 exf4 21. Bxf4 Qd8 22. Nd4 a5 23. Qc4 Ne5 24. Qb5 Re8 25. Kg2 Ne7 26. Re3 Qd7 27. Rae1 Qxb5 28. Nxb5 Rec8 29. d4 Nf5 30. dxe5 Nxe3+ 31. Rxe3 dxe5 32. Bxe5 Re8 33. Nxc7 1-0

[Event "*** Titled Tuesday Blitz"]
[Site "Chess.com"]
[Date "2018.12.04"]
[Round "1"]
[White "Phelathegreat"]
[Black "maciek_92"]
[Result "1-0"]
[WhiteElo "2353"]
[BlackElo "2631"]
[TimeControl "180+2"]
[EndTime "13:05:27 PST"]
[Termination "Phelathegreat won by resignation"]

1. d4 Nf6 2. c4 e6 3. Nf3 b6 4. g3 Bb7 5. Bg2 Be7 6. O-O O-O 7. Nc3 Ne4 8. Qc2 d5 9. cxd5 exd5 10. Ne5 Nxc3 11.
bxc3 Nd7 12. Rd1 Bd6 13. f4 Nf6 14. c4 c6 15. a4 a5 16. Rb1 Bb4 17. Bd2 Qe7 18. Bxb4 axb4 19. c5 bxc5 20. dxc5 Ra5 21. Rdc1 Rfa8 22. Rxb4 h6 23. Bf3 R8a6 24. Rcb1 Rxc5 25.
Qf5 Ra7 26. Rxb7 Rxb7 27. Qc8+ Kh7 28. Qxb7 Rc1+ 29. Kg2 Qc5 30. Rxc1 Qxc1 31. a5 Ne4 32. Bxe4+ dxe4 33. Qxc6 Qe3 34. Qc2 f5 35. a6 h5 36.
h4 g6 37. Qc7+ Kh8 38. Qd8+ Kg7 39. Qe7+ Kh6 40. Qf8+ Kh7 41. Qf7+ 1-0

[Event "*** Titled Tuesday Blitz"]
[Site "Chess.com"]
[Date "2018.12.04"]
[Round "1"]
[White "GhostOfGreenval"]
[Black "Naruto-K"]
[Result "1-0"]
[WhiteElo "2841"]
[BlackElo "2439"]
[TimeControl "180+2"]
[EndTime "13:05:30 PST"]
[Termination "GhostOfGreenval won by resignation"]

1. e4 e6 2. d4 d5 3. Nc3 Bb4 4. e5 Ne7 5. a3 Bxc3+ 6. bxc3 b6 7. Qg4 Ng6 8. Bg5 Qd7 9. h4 h5 10. Qg3 Qa4 11. Bd3 Ba6 12. Ne2 Bxd3 13. cxd3 c5 14.
O-O Nc6 15. dxc5 bxc5 16. f4 Nge7 17. Qf2 Qa5 18. Bxe7 Nxe7 19. Rfc1 Nf5 20. Ng3 Nxh4 21. c4 d4 22. Ne4 Nf5 23. Rab1 a6 24. Rb7 O-O 25.
Qf3 g6 26. g4 hxg4 27. Qh1 Kg7 28. Ng5 Rh8 29. Rxf7+ Kg8 30. Qxa8+ 1-0

[Event "*** Titled Tuesday Blitz"]
[Site "Chess.com"]
[Date "2018.12.04"]
[Round "1"]
[White "Tjktiger"]
[Black "dereito"]
[Result "1-0"]
[WhiteElo "2660"]
[BlackElo "2336"]
[TimeControl "180+2"]
[EndTime "13:05:33 PST"]
[Termination "Tjktiger won by checkmate"]

1. c4 f5 2. d4 Nf6 3. Nc3 e6 4. g3 Be7 5. Bg2 O-O 6. Nf3 d6 7. O-O a5 8. Re1 Ne4 9. Nxe4 fxe4 10. Nd2 d5 11. f3 exf3 12. Nxf3 dxc4 13. Qc2 c5 14.
Qxc4 cxd4 15. Nxd4 Qb6 16. Be3 Nc6 17. Bxc6 bxc6 18. Nf5 Qb4 19. Nxe7+ Qxe7 20. Bc5 Ba6 21. Bxe7 Bxc4 22. Bxf8 Rxf8 23. b3 Bb5 24. a4 Ba6 25.
Rac1 Bb7 26. Rc5 Ra8 27. Rd1 e5 28. Rd7 Bc8 29. Rd8+ Kf7 30. Rxc6 Bb7 31. Rxa8 Bxa8 32. Rc5 Ke6 33. Rxa5 Bd5 34. Rxd5 Kxd5 35. Kf2 Kd4 36. a5 Kc5 37. Ke3 Kb5 38. b4 Kxb4 39. a6 Kc5 40. a7 Kd5 41. a8=Q+ Ke6 42. Ke4 Kf6 43. h4 Kg6 44. g4 h5 45. Qc6+ Kh7 46. g5 g6 47. Kxe5 Kg8 48. Kf6 Kh8 49. Qe8+ Kh7 50. Qxg6+ Kh8 51. Qg7# 1-0

[Event "*** Titled Tuesday Blitz"]
[Site "Chess.com"]
[Date "2018.12.04"]
[Round "1"]
[White "LazyIM"]
[Black "colegiodemadrid"]
[Result "1-0"]
[WhiteElo "2604"]
[BlackElo "2272"]
[TimeControl "180+2"]
[EndTime "13:05:40 PST"]
[Termination "LazyIM won by checkmate"]

1. e4 c5 2. Nf3 d6 3. d4 cxd4 4. Nxd4 Nf6 5. Nc3 a6 6. Bg5 e6 7.
f4 Be7 8. Qf3 Qa5 9. O-O-O Bd7 10. Kb1 Nc6 11. Nb3 Qc7 12. g4 h6 13. Bxf6 Bxf6 14. h4 Be7 15. Bg2 O-O-O 16. g5 Kb8 17. Qe3 Rc8 18. Rhf1 hxg5 19. hxg5 g6 20. Rh1 Na5 21.
Qd4 Nxb3 22. axb3 e5 23. fxe5 Rxh1 24. Bxh1 Bg4 25. exd6 Bxd6 26. Qxd6 Bxd1 27. Qxd1 Qe5 28. Qd5 Re8 29. Bf3 Re7 30. Qd8+ Ka7 31. Nd5 Re6 32. Nc7 Qa5 33. Qa8+ Kb6 34. Nd5+ Kc6 35. Qc8+ Kd6 36. b4 Qb5 37. Qc7# 1-0

[Event "*** Titled Tuesday Blitz"]
[Site "Chess.com"]
[Date "2018.12.04"]
[Round "1"]
[White "Fianchettoed-Tower"]
[Black "brother-bear"]
[Result "1-0"]
[WhiteElo "2479"]
[BlackElo "1918"]
[TimeControl "180+2"]
[EndTime "13:05:40 PST"]
[Termination "Fianchettoed-Tower won by checkmate"]

1. e4 e6 2. d4 d5 3. Nd2 Nf6 4. e5 Nfd7 5. Bd3 c5 6. c3 Nc6 7.
Ne2 cxd4 8. cxd4 f6 9. exf6 Nxf6 10.
Nf3 Bd6 11. O-O Qc7 12. Nc3 a6 13. Be3 O-O 14. Rc1 Bd7 15. Na4 Ng4 16. Bxh7+ Kh8 17. Ng5 Bxh2+ 18. Kh1 Nxe3 19. Qh5 Ng4 20. Qxg4 Qf4 21.
Qh5 g6 22. Bxg6+ Kg7 23. Qh7+ Kf6 24. Nc5 Qxg5 25. Nxd7# 1-0

[Event "*** Titled Tuesday Blitz"]
[Site "Chess.com"]
[Date "2018.12.04"]
[Round "1"]
[White "Hikaru"]
[Black "ST-Sandavagur"]
[Result "1-0"]
[WhiteElo "3038"]
[BlackElo "2472"]
[TimeControl "180+2"]
[EndTime "13:05:43 PST"]
[Termination "Hikaru won by resignation"]

1. d4 e6 2. c4 Nf6 3. Nf3 b6 4. g3 Bb7 5. Bg2 Bb4+ 6. Nbd2 O-O 7. O-O d5 8. a3 Bd6 9. Qc2 Nbd7 10. b3 a5 11. Bb2 Ne4 12. Rfd1 f5 13. Ne5 Nxd2 14. Rxd2 f4 15. cxd5 Bxd5 16. Bxd5 exd5 17. Qc6 Nxe5 18. dxe5 Bc5 19. Bd4 fxg3 20. hxg3 Qg5 21. Qxd5+ Kh8 22. Bxc5 Rfd8 23. Bd6 1-0

[Event "*** Titled Tuesday Blitz"]
[Site "Chess.com"]
[Date "2018.12.04"]
[Round "1"]
[White "chess4life23"]
[Black "KenanGarayev"]
[Result "0-1"]
[WhiteElo "2401"]
[BlackElo "2745"]
[TimeControl "180+2"]
[EndTime "13:05:46 PST"]
[Termination "KenanGarayev won by resignation"]

1. d4 Nf6 2. c4 e6 3. Nf3 d5 4. Nc3 Bb4 5. a3 Bxc3+ 6. bxc3 O-O 7. e3 b6 8. Bd3 c5 9. cxd5 exd5 10. Ne5 Nbd7 11.
f4 Ne4 12. Qc2 Qh4+ 13. g3 Nxg3 14. Qf2 Nxe5 15. fxe5 Nf5 16. Qxh4 Nxh4 17. e4 cxd4 18. O-O dxc3 19. Bg5 Ng6 20. exd5 Nxe5 21. Be4 Bb7 22.
Rac1 Rac8 23. Bf5 Rc4 24. Be7 Re8 25. d6 g6 26. Bc2 Rg4+ 27. Kf2 Rg2+ 28. Ke3 Nc4+ 29.
Kd4 Nxd6 30. Bxd6 Rd8 31. Rf6 Rd2+ 32. Ke5 Rd5+ 0-1

[Event "*** Titled Tuesday Blitz"]
[Site "Chess.com"]
[Date "2018.12.04"]
[Round "1"]
[White "Markov_Mikhail"]
[Black "orrbaverlekszarnyon"]
[Result "1-0"]
[WhiteElo "2600"]
[BlackElo "2260"]
[TimeControl "180+2"]
[EndTime "13:05:46 PST"]
[Termination "Markov_Mikhail won by resignation"]

1. c4 e6 2. Nf3 d5 3. g3 c5 4. Bg2 Nc6 5. cxd5 exd5 6. O-O Nf6 7.
d4 Be7 8. Nc3 O-O 9. dxc5 Bxc5 10. a3 Bg4 11. b4 Bb6 12. Bb2 Re8 13. h3 Bh5 14. g4 Bg6 15. Na4 Bc7 16. Rc1 Be4 17.
Nc5 Bxf3 18. Bxf3 Qd6 19. Re1 Qh2+ 20. Kf1 Qxh3+ 21. Bg2 Qxg4 22. Bxf6 gxf6 23. Nxb7 Bb6 24. Rxc6 Qf4 25. Nc5 Rac8 26. Rxc8 Rxc8 27. Qxd5 a5 28. Nd3 Qd2 29. Qb7 1-0

[Event "*** Titled Tuesday Blitz"]
[Site "Chess.com"]
[Date "2018.12.04"]
[Round "1"]
[White "KRASAVCHIK2002"]
[Black "GMG"]
[Result "0-1"]
[WhiteElo "2356"]
[BlackElo "2673"]
[TimeControl "180+2"]
[EndTime "13:05:48 PST"]
[Termination "GMG won by resignation"]

1. e4 c5 2. Nf3 Nc6 3. d4 cxd4 4. Nxd4 Qb6 5. Nb3 Nf6 6. Nc3 e6 7. Be3 Qc7 8. a3 a6 9. Be2 b5 10. O-O Bb7 11. Nc5 Be7 12. Nxb7 Qxb7 13. f4 d6 14. Bf3 O-O 15. Qe1 Qc7 16. Qg3 Rac8 17. Rac1 Na5 18. e5 dxe5 19. fxe5 Bc5 20. Be2 Bxe3+ 21.
Qxe3 Nd7 22. Ne4 Qxe5 23. Qd2 Qxe4 24. Bf3 Nc4 25. Qxd7 Qe3+ 26. Kh1 Ne5 27. Rce1 0-1

[Event "*** Titled Tuesday Blitz"]
[Site "Chess.com"]
[Date "2018.12.04"]
[Round "1"]
[White "VincentBlom"]
[Black "Iyael"]
[Result "1-0"]
[WhiteElo "2512"]
[BlackElo "2128"]
[TimeControl "180+2"]
[EndTime "13:05:49 PST"]
[Termination "VincentBlom won by resignation"]

1. d4 Nf6 2. Bf4 g6 3. e3 Bg7 4. c3 d6 5. Nd2 O-O 6. h3 Nbd7 7. Ngf3 b6 8. Bb5 Bb7 9. O-O c5 10. a4 a6 11. Bd3 Qc7 12. Bh2 e5 13. e4 Rfe8 14. d5 Rab8 15. Qe2 Nh5 16. Bxa6 Bxa6 17. Qxa6 Nf4 18. Bxf4 exf4 19. Qb5 Ne5 20. Nxe5 Bxe5 21. Nc4 g5 22. f3 h5 23. Kf2 Re7 24. Rfd1 Kg7 25.
Qc6 Qd8 26. Rh1 Rc7 27. Qb5 Re7 28. Rad1 Re8 29. Rd2 f6 30. Ra1 Rg8 31. Rdd1 Kf7 32. Ke2 Rg7 33. Kd2 Rg8 34. Kc2 Qc7 35. Kb1 Rgd8 36. Qb3 Rb7 37. Na3 Ra8 38. Nb5 Qd7 39. Qc4 Rbb8 40. Kc2 Rg8 41. Qe2 Rgb8 42. Ra2 Ra5 43.
Rda1 Rba8 44. Qc4 Qe8 45. Nc7 Qd7 46. Nxa8 Rxa8 47. Qb5 Qe7 48. a5 bxa5 49. Rxa5 Rc8 50. Ra7 Rc7 51. Qb6 1-0

[Event "*** Titled Tuesday Blitz"]
[Site "Chess.com"]
[Date "2018.12.04"]
[Round "1"]
[White "champ2005"]
[Black "MFguimaraes"]
[Result "0-1"]
[WhiteElo "2660"]
[BlackElo "2374"]
[TimeControl "180+2"]
[EndTime "13:05:55 PST"]
[Termination "MFguimaraes won by checkmate"]

1. e4 e5 2. Nf3 Nc6 3. Bc4 Nf6 4. Ng5 d5 5. exd5 Na5 6. Bb5+ c6 7. dxc6 bxc6 8.
Bd3 Nd5 9. h4 Nf4 10. Bf1 h6 11.
Ne4 Bf5 12. Nbc3 Bb4 13. g3 Nd5 14. Bg2 Nc4 15. O-O O-O 16. d3 Nd6 17. Nxd6 Qxd6 18. Bd2 Nxc3 19. Bxc3 Bxc3 20. bxc3 Qc5 21. Qd2 Rad8 22.
Rfe1 Rfe8 23. Be4 Bxe4 24. Rxe4 f5 25. Rc4 Qxc4 26. Re1 Qxa2 27. c4 Qa6 28. Qc3 e4 29. Ra1 Qb6 30. c5 Qb7 31. d4 Re7 32. Qe3 Qb2 33.
Ra6 Qxd4 34. Qb3+ Qd5 35. Qb4 e3 36. fxe3 Rxe3 37. Qf4 Qd1+ 38. Kh2 Re2+ 39. Kh3 Qh1# 0-1

[Event "*** Titled Tuesday Blitz"]
[Site "Chess.com"]
[Date "2018.12.04"]
[Round "1"]
[White "Oligan22"]
[Black "DenisQ"]
[Result "0-1"]
[WhiteElo "2269"]
[BlackElo "2604"]
[TimeControl "180+2"]
[EndTime "13:06:04 PST"]
[Termination "DenisQ won by resignation"]

1. e4 c6 2. Nf3 d5 3. Nc3 Bg4 4. h3 Bh5 5. exd5 cxd5 6. Bb5+ Nc6 7. g4 Bg6 8. Ne5 Rc8 9. d4 e6 10. f4 Bb4 11. Nxc6 bxc6 12. Bd3 Ne7 13. Qf3 Bxd3 14. Qxd3 O-O 15. O-O c5 16. Be3 cxd4 17. Bxd4 Nc6 18.
a3 Bd6 19. Ne2 Nxd4 20. Nxd4 Qb6 21. b4 Rc4 22. Rad1 a5 23. Kh1 axb4 24. axb4 Qxb4 25. f5 e5 26. Ne2 d4 27. Rb1 Qc5 28. Rb2 Rc8 29. Qd2 Rxc2 30. Rxc2 Qxc2 0-1

[Event "*** Titled Tuesday Blitz"]
[Site "Chess.com"]
[Date "2018.12.04"]
[Round "1"]
[White "eCztery"]
[Black "afgano29"]
[Result "0-1"]
[WhiteElo "2283"]
[BlackElo "2628"]
[TimeControl "180+2"]
[EndTime "13:06:08 PST"]
[Termination "afgano29 won by resignation"]

1. e4 c5 2. Nc3 Nc6 3. Bb5 Nd4 4. Nf3 e6 5. O-O Qc7 6. Nxd4 cxd4 7. Ne2 Bc5 8. c3 dxc3 9. bxc3 Nf6 10. d4 Be7 11. Bf4 Qa5 12. Rb1 O-O 13. Bd3 d6 14.
e5 dxe5 15. Bxe5 Qxa2 16. Ng3 Nd7 17. Qh5 f5 18. Nxf5 exf5 19. Bxf5 Nf6 20. Bxf6 Bxf5 21. Rxb7 Bxf6 22. Qxf5 Rf7 23. Rb5 Bxd4 24. Qe4 Bxf2+ 25. Kh1 Raf8 26. h3 Bb6 27. Rxf7 Qxf7 28. c4 Qf1+ 29. Kh2 Bc7+ 30. g3 Rf2+ 0-1

[Event "*** Titled Tuesday Blitz"]
[Site "Chess.com"]
[Date "2018.12.04"]
[Round "1"]
[White "nochewycandy"]
[Black "ValeriyGrinev"]
[Result "1-0"]
[WhiteElo "2269"]
[BlackElo "2560"]
[TimeControl "180+2"]
[EndTime "13:06:08 PST"]
[Termination "nochewycandy won by resignation"]

1. c4 g6 2. g3 Bg7 3. Bg2 c5 4. Nc3 Nc6 5. a3 d6 6. Rb1 a5 7. d3 e6 8. Bd2 Nge7 9. Nf3 O-O 10. O-O b6 11. Ne1 Bb7 12. Nc2 d5 13. b4 axb4 14.
axb4 cxb4 15. Nxb4 Nxb4 16. Rxb4 Ra7 17. cxd5 Nxd5 18. Nxd5 Bxd5 19. Bxd5 exd5 20. Qb3 Ra6 21. Rb1 Re8 22. e3 Re6 23. Rb5 Rd6 24. d4 h5 25. h4 g5 26. Bb4 Rd7 27. hxg5 Qxg5 28. Kg2 h4 29. Rh1 hxg3 30. fxg3 Qg4 31. Qc2 f5 32. Qc8+ Kf7 33. Qxd7+ Kg6 34. Qe8+ Kf6 35. Be7+ Ke6 36. Bf8+ Kf6 37. Qe7+ 1-0

[Event "*** Titled Tuesday Blitz"]
[Site "Chess.com"]
[Date "2018.12.04"]
[Round "1"]
[White "capatl"]
[Black "nitpicker"]
[Result "1-0"]
[WhiteElo "2546"]
[BlackElo "2182"]
[TimeControl "180+2"]
[EndTime "13:06:08 PST"]
[Termination "capatl won by resignation"]

1. c4 e5 2. Nc3 Nf6 3. g3 Nc6 4. Bg2 Bc5 5. e3 h6 6. Nge2 d6 7. O-O a6 8. a3 O-O 9. h3 Rb8 10. b4 Ba7 11. Rb1 Bf5 12. d3 Qd7 13. Kh2 b5 14. cxb5 axb5 15. a4 Ne7 16. Nxb5 Bb6 17.
Nbc3 d5 18. e4 dxe4 19. dxe4 Qxd1 20. Rxd1 Be6 21. Nd5 Nexd5 22. exd5 Bf5 23. Rb2 Bxf2 24. Rf1 Bd7 25. Rxf2 Bxa4 26. Bxh6 Ng4+ 27. hxg4 gxh6 28. Nc3 Bd7 29. Ne4 Kg7 30. Nf6 Bb5 31. Nh5+ Kg8 32. Be4 Ra8 33. Rf6 Ra6 34. Rbf2 Rxf6 35. Rxf6 Ra8 36.
Rxh6 Ra2+ 37. Kh3 Bf1+ 38. Kh4 Re2 39. Kg5 Rxe4 40. Nf6+ 1-0

[Event "*** Titled Tuesday Blitz"]
[Site "Chess.com"]
[Date "2018.12.04"]
[Round "1"]
[White "PelinGorki"]
[Black "JordanaEmiel"]
[Result "1-0"]
[WhiteElo "2494"]
[BlackElo "2036"]
[TimeControl "180+2"]
[EndTime "13:06:08 PST"]
[Termination "PelinGorki won by resignation"]

1. e4 e5 2. Nc3 Nc6 3. Bc4 Nf6 4. d3 Bc5 5. f4 d6 6. Nf3 Bg4 7. Na4 Bb6 8. Nxb6 axb6 9. c3 O-O 10. f5 d5 11.
exd5 Nxd5 12. O-O Re8 13. Qe1 Qd6 14. Ng5 h6 15. Ne4 Qd7 16. Qg3 Bxf5 17. Bxd5 Bxe4 18. Bxe4 Rad8 19. Bxh6 f6 20. Rxf6 Rf8 21. Raf1 Rxf6 22. Rxf6 Rf8 23. Rg6 Rf7 24. c4 Qd4+ 25. Be3 Qxb2 26.
h4 Ne7 27. Rg5 Qa1+ 28. Kh2 Rf1 29. Rxg7+ Kf8 30. Qg5 Rh1+ 31. Kg3 Qe1+ 32. Bf2 Qxf2+ 33. Kxf2 1-0